 Dungeon Crawl Stone Soup version 0.27-a0-1071-ga85bd9520d (webtiles) character file.

Game seed: 8777012069128473657

2536 Lanoc the Skirmisher (level 9, -7/93 HPs)
             Began as a Troll Delver on Apr 24, 2021.
             Was a Believer of Jiyva.
             Mangled by a hornet (10 damage)
             ... while paralysed by a hornet
             ... on level 9 of the Dungeon.
             The game lasted 00:11:49 (5825 turns).

Lanoc the Skirmisher (Troll Delver)                 Turns: 5825, Time: 00:11:50

Health: -7/93      AC:  4    Str: 21    XL:     9   Next: 30%
Magic:  10/10      EV:  1    Int:  6    God:    Jiyva [**....]
Gold:   444        SH:  0    Dex: 15    Spells: 8/8 levels left

rFire    . . .     SeeInvis .     - Unarmed
rCold    + . .     Faith    .   (no shield)
rNeg     . . .     Spirit   .   a - +0 robe
rPois    .         Reflect  .   (helmet restricted)
rElec    .         Harm     .   (no cloak)
rCorr    .         Rampage  .   (gloves unavailable)
Will     .....                  (boots unavailable)
Stlth    ++........             (no amulet)
HPRegen  1.25/turn              (no ring)
MPRegen  0.12/turn              (no ring)

@: paralysed, lethally poisoned (-7 -> -10), hasted and slowed
A: large, unfitting armour, claws 3, regeneration 1, shaggy fur 1, tough skin 1,
large bone plates 1, cold resistance 1
a: Renounce Religion, Request Jelly


You were on level 9 of the Dungeon.
You worshipped Jiyva.
Jiyva was pleased with you.
You visited 2 branches of the dungeon, and saw 9 of its levels.

You collected 513 gold pieces.
You spent 69 gold pieces at shops.

Inventory:

Armour
 a - a +0 robe (worn)
Jewellery
 d - an amulet of reflection
Wands
 f - a wand of digging (3)
 g - a wand of polymorph (9)
 n - a wand of flame (20)
 r - a wand of mindburst (22)
 x - a wand of iceblast (5)
Scrolls
 b - 2 scrolls of fog
 c - 2 scrolls of magic mapping
 h - 7 scrolls of identify {unknown}
 i - a scroll of brand weapon {unknown}
 j - a scroll of acquirement {unknown}
 l - a scroll of holy word {unknown}
 m - 2 scrolls of enchant armour {unknown}
 o - 3 scrolls of teleportation {unknown}
 p - a scroll of vulnerability {unknown}
 s - a scroll of noise {unknown}
 t - a scroll of silence {unknown}
 u - a scroll of immolation {unknown}
 v - a scroll of blinking {unknown}
 w - 2 scrolls of enchant weapon {unknown}
Potions
 k - a potion of ambrosia


   Skills:
 + Level 7.4 Fighting
 + Level 7.1 Dodging
 - Level 2.7 Stealth
 - Level 3.8 Unarmed Combat
 - Level 2.8 Invocations


You had 8 spell levels left.
You didn't know any spells.
Your spell library contained the following spells:

 Spells                   Type           Power      Damage    Failure   Level
 Magic Dart               Conj           0%         1d3       45%         1
 Blink                    Tloc           N/A        N/A       58%         2
 Call Imp                 Summ           0%         N/A       58%         2
 Slow                     Hex            0%         N/A       58%         2
 Confusing Touch          Hex            0%         N/A       83%         3
 Conjure Flame            Conj/Fire      0%         6-21      83%         3
 Gell's Gravitas          Tloc           0%         N/A       83%         3
 Mephitic Cloud           Conj/Pois/Air  0%         N/A       83%         3
 Petrify                  Tmut/Erth      0%         N/A       99%         4
 Metabolic Englaciation   Hex/Ice        0%         N/A       100%        5
 Yara's Violent Unravell  Hex/Tmut       0%         3d3       100%        5


Dungeon Overview and Level Annotations

Branches:
Dungeon (9/15)             Temple (1/1) D:5
   Lair: D:8-11         Orc: D:9-12

Altars:
Cheibriados
Elyvilon
Fedhas
Gozag
Kikubaaqudgha
Makhleb
Nemelex Xobeh
Okawaru
Qazlal
Ru
Sif Muna
Trog
Uskayaw
Xom
Yredelemnul
The Shining One
Jiyva

Shops:
D:2 *   D:4 [


Innate Abilities, Weirdness & Mutations

You are too large for most types of armour.
You have claws for hands.
Your natural rate of healing is unusually fast.
You are covered in fur. (AC +1)
You have tough skin. (AC +1)
You are partially covered in large bone plates. (SH +4)
Your flesh is cold resistant. (rC+)


Message History

You throw an atropa-tipped dart.
The atropa-tipped dart barely misses the hornet.
You feel very sick. You block the hornet's attack. The hornet misses you.
Throw: dart (atropa)
Press: ? - help, Q - select action, (/) - cycle Shift-Dir - straight line, f/p - hornet
Aim: a hornet (48% to hit, chance to blind on hit: 22%)
You throw an atropa-tipped dart.
The atropa-tipped dart completely misses the hornet.
The atropa-tipped dart hits the gnoll.
The gnoll appears confused.
You feel sick.
The gnoll seems less confused.
The hornet misses you. The hornet stings you!!
You are more poisoned.
You feel as though you will be slow longer.
You feel very sick. The hornet barely misses you.
Items here: )) [ ††.
You feel yourself speed up.
You feel very sick.
The hornet stings you but does no damage.
The hornet barely misses you. The hornet stings you!
* * * LOW HITPOINT WARNING * * *
You feel as though you will be slow longer.
You feel sick.
Things that are here:
a +0 spear; a gnoll corpse You feel sick.
The hornet stings you.
* * * LOW HITPOINT WARNING * * *
You feel as though you will be slow longer.
Things that are here:
a +0 club; a gnoll corpse You feel sick.
You feel sick. The hornet stings you.
* * * LOW HITPOINT WARNING * * *
You are lethally poisoned!
You suddenly lose the ability to move!
* * * LOW HITPOINT WARNING * * *
You feel very sick. The hornet stings you!
You die...

#..# ##. .$.
#..# .. ....
#(.# .#.....
##.(##.#.....
#..g(....#
#.###.###)..#
#.(...g)))..#
#####y###...#
#@# ##### #
#.#######.#
####..)...<..#
#.......######
.....#####.#
#.#. #.# # #.#
#.# #.#


You could see a hornet and a gnoll.

Vanquished Creatures
  2 water moccasins (D:7)
  An ice beast (D:8)
  A black bear (D:6)
  3 orc warriors
  2 necrophages
  2 ogres
  A centaur (D:9)
  3 phantoms
  A kobold brigand (D:8)
  A bullfrog (D:8)
  A gnoll sergeant (D:9)
  2 scorpions
  A wyvern skeleton (D:7)
  3 killer bees
  A hound (D:5)
  2 jellies
  A gnoll shaman (D:7)
  An orc priest (D:6)
  2 iguanas
  6 orc wizards
  2 killer bee zombies
  17 gnolls
  4 adders
  A white imp (D:6)
  An ufetubus (D:5)
  2 worms
  A dart slug (D:2)
  20 orcs
  3 ball pythons
  4 endoplasms
  2 giant cockroaches (D:2)
  A goblin (D:2)
  5 hobgoblins
  7 jackals
  A frilled lizard (D:3)
  7 kobolds
  4 rats
119 creatures vanquished.

Vanquished Creatures (others)
  Erica (D:8)
  Eustachio (D:6)
  9 jellies
  A killer bee (D:7)
  A centaur zombie (D:6)
  An orc priest (D:6)
  An orc wizard (D:6)
  A howler monkey skeleton (D:6)
16 creatures vanquished.

Grand Total: 135 creatures vanquished

Notes
Turn   | Place    | Note
-------+----------+-------------------------------------------
     0 | D:5      | Lanoc the Troll Delver began the quest for the Orb.
     0 | D:5      | Reached XP level 1. HP: 22/22 MP: 0/0
    14 | D:5      | Reached XP level 2. HP: 22/29 MP: 1/1
    67 | D:5      | Found a white marble altar of Elyvilon.
    76 | D:5      | Became a worshipper of Elyvilon the Healer
    91 | D:4      | Noticed an ogre
    95 | D:4      | Killed an ogre
    96 | D:4      | Reached XP level 3. HP: 24/37 MP: 2/2
    96 | D:4      | Reached XP level 4. HP: 29/45 MP: 3/3
   131 | D:4      | Found a shimmering blue altar of Sif Muna.
   176 | D:3      | Found a faded altar of an unknown god.
   289 | D:2      | Reached * piety under Elyvilon
   690 | D:2      | Found Refuefump's Assorted Antiques.
   797 | D:2      | Bought a scroll labelled ERGHOKA SUCVE for 24 gold pieces
   797 | D:2      | Bought a scroll labelled ERGHOKA SUCVE for 24 gold pieces
   797 | D:2      | Bought a grey potion for 21 gold pieces
   981 | D:3      | Reached XP level 5. HP: 47/53 MP: 4/4
   992 | D:3      | Gained mutation: You are partially covered in large bone
                  | plates. (SH +4) [potion of mutation]
   992 | D:3      | Gained mutation: Your flesh is cold resistant. (rC+)
                  | [potion of mutation]
   992 | D:3      | HP: 1/53 [something (3)]
  1110 | D:3      | Reached XP level 6. HP: 62/62 MP: 5/5
  1151 | D:3      | Reached ** piety under Elyvilon
  1287 | D:3      | Found a snail-covered altar of Cheibriados.
  1353 | D:3      | Found a burning altar of Makhleb.
  1356 | D:3      | Found a glowing golden altar of the Shining One.
  1360 | D:3      | Found a blossoming altar of Fedhas.
  1713 | D:4      | Found Rampuwowi's Antique Armour Shoppe.
  2007 | D:4      | Reached *** piety under Elyvilon
  2189 | D:4      | Reached XP level 7. HP: 55/71 MP: 6/6
  2357 | D:4      | Found a sparkling altar of Nemelex Xobeh.
  2621 | D:5      | Noticed Pikel
  2624 | D:5      | Noticed Pikel
  2624 | D:5      | Pikel changed into Pikel the jelly
  2629 | D:5      | Killed Pikel the jelly
  2686 | D:5      | Reached skill level 5 in Fighting
  2686 | D:5      | Reached skill level 1 in Invocations
  2946 | D:5      | Found a staircase to the Ecumenical Temple.
  2992 | D:5      | Reached **** piety under Elyvilon
  3065 | Temple   | Entered the Ecumenical Temple
  3082 | Temple   | Fell from the grace of Elyvilon
  3082 | Temple   | Became a worshipper of Jiyva Jiciudit the Shapeless
  3645 | D:6      | Reached skill level 5 in Dodging
  3645 | D:6      | Reached XP level 8. HP: 80/81 MP: 9/9
  3679 | D:6      | HP: 6/121 [orc priest/divine providence (8)]
  3706 | D:6      | Reached * piety under Jiyva
  4109 | D:6      | Noticed Eustachio
  4132 | D:6      | Killed Eustachio
  4678 | D:7      | Found a basalt altar of Yredelemnul.
  4954 | D:8      | HP: 3/84 [killer bee (5)]
  5059 | D:8      | Reached XP level 9. HP: 69/92 MP: 10/10
  5529 | D:8      | Reached ** piety under Jiyva
  5564 | D:8      | Killed Erica
  5656 | D:8      | Found a stormy altar of Qazlal.
  5824 | D:9      | HP: 4/93 [hornet (6)]
  5824 | D:9      | Paralysed by a hornet for 3 turns
  5825 | D:9      | Mangled by a hornet

Illustrated notes

Levels and vault maps discovered:
D:2:      layout_loops_ring, serial_shops, nicolae_shop_waterfront,
          grunt_ministairs_4, minmay_fountain_box
D:3:      layout_rooms, grunt_temple_overflow_diamond, cheibrodos_worm_habitat,
          hellmonk_ecumenical_altar_lost_god,
          wander_ebering_terrifying_dragon_lair
D:4:      layout_loops_corners, kennysheep_mini_moat,
          nemelex_spade_bored_becter, serial_shops,
          nicolae_shop_overgrown_old_shop, dk_noncrumbling_3,
          minmay_misc_feat_square, patterned_corridor
D:5:      layout_cave_pods, lemuel_crystal_altar, minmay_temple_entry_arrows,
          uniq_pikel
D:6:      black_bear_nest_2, layout_basic, minmay_misc_feat_cross,
          dk_vineyard_1, minmay_microvault, uniq_eustachio
D:7:      layout_rooms, amcnicky_altar_gilded, kennysheep_pointless_box
D:8:      layout_cave_pools, lemuel_doored_altar, uniq_erica
D:9:      layout_loops_cross, uniq_psyche
Temple:   pf_slimified_temple

Skill      XL: |  1  2  3  4  5  6  7  8  9 |
---------------+----------------------------+-----
Fighting       | 3 4 5 6 7 |  7.4
Dodging        | 2 3 4 5 6 7 |  7.1
Unarmed Combat | 3 |  3.8
Invocations    | 2 |  2.8
Stealth        | |  2.7

Action                   |  1- 3 |  4- 6 |  7- 9 || total
-------------------------+-------+-------+-------++-------
Melee: Unarmed           |    10 |   149 |   287 ||   446
       Punch             |     1 |     2 |     4 ||     7
Throw: Dart              |       |       |     3 ||     3
       Throwing net      |       |       |     2 ||     2
Invok: Lesser Healing    |       |     4 |     1 ||     5
Evoke: Wand              |       |       |     1 ||     1
  Use: Potion            |       |     3 |     8 ||    11
       Scroll            |       |       |     2 ||     2
 Stab: Sleeping          |     1 |     5 |     5 ||    11
       Invisible         |       |       |     2 ||     2
Armor: Robe              |     2 |    24 |    45 ||    71
       Skin              |       |    11 |    16 ||    27
Dodge: Dodged            |     2 |    51 |   170 ||   223
Block: Other             |       |    10 |    55 ||    65

Table legend: (Time is in decaauts)
 A = Elapsed time spent in this place.
 B = Non-inter-level travel time spent in this place.
 C = Inter-level travel time spent in this place.
 D = Time resting spent in this place.
 E = Time spent auto-exploring this place.
 F = Levels seen in this place.
 G = Mean time per level.
                   A        B        C        D        E       F      G
               +--------+--------+--------+--------+--------+-----+--------+
         Total |   5797 |   5637 |    160 |    198 |   4312 |   9 |  644.1 |
       Dungeon |   5767 |   5607 |    160 |    198 |   4312 |   8 |  720.9 |
        Temple |     29 |     29 |      0 |      0 |      0 |   1 |   29.0 |
               +--------+--------+--------+--------+--------+-----+--------+

Top non-repeatable levels by time:
     D:4: 1096 daAuts
     D:5: 961 daAuts
     D:6: 854 daAuts
     D:7: 790 daAuts
     D:2: 740 daAuts
     D:8: 614 daAuts
     D:3: 612 daAuts
     D:9: 97 daAuts
  Temple: 29 daAuts
